 Dungeon Crawl Stone Soup version 0.30-b1-2-g02819fbbbe (webtiles) character file.

Game seed: 3718924071362138516

230 Anothat the Magician (level 6, -1/47 HPs)
             Began as a Gnoll Wanderer on May 11, 2023.
             Slain by a gnoll
             ... wielding a +0 spear
              (4 damage)
             ... on level 4 of the Dungeon.
             The game lasted 00:06:00 (2812 turns).

Anothat the Magician (Gnoll Wanderer)               Turns: 2812, Time: 00:06:00

Health: -1/47      AC:  5    Str: 12    XL:     6   Next: 3%
Magic:  14/14      EV: 12    Int: 11    God:
Gold:   115        SH:  0    Dex: 13    Spells: 19/19 levels left

rFire   . . .        h - +3 dagger (vamp)
rCold   . . .        (no shield)
rNeg    . . .        g - +0 ring mail
rPois   .            (no helmet)
rElec   .            (no cloak)
rCorr   .            (no gloves)
SInv    .            (no boots)
Will    .....        (no amulet)
Stlth   +            (no ring)
HPRegen 0.27/turn    (no ring)
MPRegen 0.14/turn

%: no passive effects
@: no status effects
A: fangs 1, strong nose, distributed training, low MP 1
a: no special abilities


You were on level 4 of the Dungeon.
You visited 1 branch of the dungeon, and saw 4 of its levels.

You collected 115 gold pieces.

Inventory:

Hand Weapons
 a - a +1 falchion
 f - a +0 whip of flaming
 h - a +3 vampiric dagger (weapon)
Armour
 c - a +1 robe
 g - a +0 ring mail (worn)
Scrolls
 m - 2 scrolls of identify
Potions
 d - a potion of resistance


   Skills:
 + Level 3.1 Fighting
 + Level 1.8 Short Blades
 + Level 3.1 Long Blades
 + Level 1.8 Axes
 + Level 1.8 Maces & Flails
 + Level 1.8 Polearms
 + Level 1.8 Staves
 + Level 1.8 Ranged Weapons
 + Level 1.8 Throwing
 + Level 1.8 Armour
 + Level 4.9 Dodging
 + Level 1.8 Stealth
 + Level 1.8 Shields
 + Level 1.8 Unarmed Combat
 + Level 7.4 Spellcasting
 + Level 1.4 Conjurations
 + Level 1.4 Hexes
 + Level 1.4 Summonings
 + Level 1.4 Necromancy
 + Level 1.4 Translocations
 + Level 1.4 Transmutations
 + Level 1.4 Fire Magic
 + Level 1.4 Ice Magic
 + Level 1.4 Air Magic
 + Level 1.4 Earth Magic
 + Level 1.4 Poison Magic
 + Level 2.0 Invocations
 + Level 4.9 Evocations


You had 19 spell levels left.
You didn't know any spells.
Your spell library contained the following spells:

 Spells                   Type           Power      Damage    Failure   Level
 Freeze                   Ice            28%        1d5       21%         1
 Kiss of Death            Conj/Necr      28%        2d7       21%         1
 Necrotise                Necr           28%        1d5       21%         1
 Ozocubu's Armour         Ice            7%         N/A       52%         3


Dungeon Overview and Level Annotations

Branches:
Dungeon (4/15)
 Temple: D:4-7

Altars:


Innate Abilities, Weirdness & Mutations

You have very sharp teeth.
Your uncanny sense of smell can sniff out nearby items.
Your experience applies equally to all skills.
Your magical capacity is low. (-10% MP)


Message History

The quokka bites you. The quokka misses you.
The quokka attacks as you move away! The quokka completely misses you.
As you read the scroll labelled YFUAMN JAWER, it crumbles to dust.
It is a scroll of enchant weapon.
Your +2 vampiric dagger glows red for a moment.
The quokka closely misses you. The gnoll completely misses you.
The quokka attacks as you move away! The quokka barely misses you.
The gnoll hits you with a +0 spear.
Okay, then.
Okay, then.
You aren't carrying any items that you can evoke.
You hit the gnoll.
You feel better.
The gnoll is lightly wounded.
The quokka bites you.
You closely miss the gnoll. You bite the gnoll, but do no damage.
The gnoll is lightly wounded.
The quokka bites you. The gnoll closely misses you. The gnoll misses you.
The quokka bites you but does no damage.
You hit the gnoll.
You feel better.
The gnoll is moderately wounded.
The gnoll hits you with a +0 spear. The gnoll closely misses you.
The quokka bites you but does no damage.
You hit the gnoll.
You feel better.
The gnoll is heavily wounded.
The gnoll misses you. The gnoll hits you with a +0 spear!
* * * LOW HITPOINT WARNING * * *
The quokka completely misses you.
You hit the gnoll.
You feel better.
The gnoll is almost dead.
The gnoll completely misses you.
The gnoll hits you from afar with a +0 halberd.
* * * LOW HITPOINT WARNING * * *
The quokka bites you.
* * * LOW HITPOINT WARNING * * *
You hit the gnoll.
You kill the gnoll!
The gnoll hits you but does no damage.
The gnoll hits you from afar with a +0 spear.
You die...

... ..######
#.....# #.....#
##+##.....#
#.........#####
#.........Sg.g#
#.........###r#
∆
#......<..g)@.#
#.........#####
#...........
...........###
...........#
..#+########


You could see 2 gnolls and a quokka.

Vanquished Creatures
  An orc priest (D:3)
  An orc wizard (D:3)
  A gnoll (D:4)
  6 adders
  A dart slug (D:3)
  7 orcs (D:3)
  7 bats
  2 endoplasms
  3 giant cockroaches
  11 goblins
  8 hobgoblins
  4 quokkas
  2 ball pythons (D:2)
  A frilled lizard (D:1)
  3 kobolds
  8 rats
66 creatures vanquished.

Vanquished Creatures (others)
  Sigmund (D:3)
1 creature vanquished.

Grand Total: 67 creatures vanquished

Notes
Turn   | Place    | Note
-------+----------+-------------------------------------------
     0 | D:1      | Anothat the Gnoll Wanderer began the quest for the Orb.
     0 | D:1      | Anothat set off with the following items: a +1 falchion, a
                  | potion of berserk rage, a +0 robe; and the following spells
                  | available to memorise: Freeze, Kiss of Death, Necrotise,
                  | Ozocubu's Armour.
     0 | D:1      | Reached XP level 1. HP: 17/17 MP: 8/8
   337 | D:1      | Reached XP level 2. HP: 23/23 MP: 10/10
   641 | D:1      | Found a faded altar of an unknown god.
   812 | D:1      | Reached XP level 3. HP: 26/28 MP: 11/11
  1066 | D:1      | Reached skill level 1 in Invocations
  1421 | D:2      | Reached skill level 1 in Short Blades
  1421 | D:2      | Reached skill level 1 in Axes
  1421 | D:2      | Reached skill level 1 in Maces & Flails
  1421 | D:2      | Reached skill level 1 in Polearms
  1421 | D:2      | Reached skill level 1 in Staves
  1421 | D:2      | Reached skill level 1 in Ranged Weapons
  1421 | D:2      | Reached skill level 1 in Throwing
  1421 | D:2      | Reached skill level 1 in Armour
  1421 | D:2      | Reached skill level 1 in Stealth
  1421 | D:2      | Reached skill level 1 in Shields
  1421 | D:2      | Reached skill level 1 in Unarmed Combat
  1601 | D:2      | Reached XP level 4. HP: 23/34 MP: 13/13
  1879 | D:2      | Reached skill level 1 in Conjurations
  1879 | D:2      | Reached skill level 1 in Hexes
  1879 | D:2      | Reached skill level 1 in Summonings
  1879 | D:2      | Reached skill level 1 in Necromancy
  1879 | D:2      | Reached skill level 1 in Translocations
  1879 | D:2      | Reached skill level 1 in Transmutations
  1879 | D:2      | Reached skill level 1 in Fire Magic
  1879 | D:2      | Reached skill level 1 in Ice Magic
  1879 | D:2      | Reached skill level 1 in Air Magic
  1879 | D:2      | Reached skill level 1 in Earth Magic
  1879 | D:2      | Reached skill level 1 in Poison Magic
  2401 | D:3      | Noticed Sigmund
  2413 | D:3      | Reached XP level 5. HP: 40/40 MP: 14/14
  2546 | D:3      | Gained mutation: Your magical capacity is low. (-10% MP)
                  | [potion of mutation]
  2558 | D:3      | Killed Sigmund
  2602 | D:3      | Reached XP level 6. HP: 37/47 MP: 14/14
  2812 | D:4      | Slain by a gnoll

Illustrated notes

Levels and vault maps discovered:
D:1:      grunt_arrival_lava_bath, layout_loops_corners,
          hellmonk_ecumenical_altar_pennies_from_heaven
D:2:      layout_rooms
D:3:      layout_loops_corners, amethyst_overflow_temple_binary,
          gammafunk_ghost_nasty_kobolds, minmay_lizard_king, uniq_sigmund
D:4:      wad_woods_stonehenge, layout_basic, uniq_blork_the_orc, uniq_duvessa

Skill      XL: |  1  2  3  4  5 |
---------------+----------------+-----
Invocations    | 1 2 |  2.0
Short Blades   | 1 |  1.8
Axes           | 1 |  1.8
Maces & Flails | 1 |  1.8
Polearms       | 1 |  1.8
Staves         | 1 |  1.8
Ranged Weapons | 1 |  1.8
Throwing       | 1 |  1.8
Armour         | 1 |  1.8
Stealth        | 1 |  1.8
Shields        | 1 |  1.8
Unarmed Combat | 1 |  1.8
Conjurations   | 1 |  1.4
Hexes          | 1 |  1.4
Summonings     | 1 |  1.4
Necromancy     | 1 |  1.4
Translocations | 1 |  1.4
Transmutations | 1 |  1.4
Fire Magic     | 1 |  1.4
Ice Magic      | 1 |  1.4
Air Magic      | 1 |  1.4
Earth Magic    | 1 |  1.4
Poison Magic   | 1 |  1.4
Fighting       | 3 |  3.1
Long Blades    | 3 |  3.1
Dodging        | |  4.9
Spellcasting   | |  7.4
Evocations     | |  4.9

Action                     |  1- 3 |  4- 6 || total
---------------------------+-------+-------++-------
  Melee: Falchion          |    17 |       ||    17
         Whip              |   129 |    81 ||   210
         Bite              |    13 |    17 ||    30
         Punch             |     1 |     4 ||     5
         Dagger            |       |   101 ||   101
  Throw: Throwing net      |       |     1 ||     1
    Use: Scroll            |     1 |     4 ||     5
         Potion            |       |     5 ||     5
   Stab: Sleeping          |     4 |       ||     4
 Armour: Robe              |    20 |     8 ||    28
         Ring mail         |       |    27 ||    27
         Skin              |       |    27 ||    27
  Dodge: Dodged            |   103 |   100 ||   203
